 Dungeon Crawl Stone Soup version 0.31-a0-859-g9dce7d3444 (webtiles) character file.

Game seed: 17244711256916176601

4471 Dirtsage the Grappler (level 10, 0/94 HPs)
             Began as an Octopode Shapeshifter on Oct 9, 2023.
             Was an Initiate of Wu Jian.
             Slain by Erica
             ... wielding a +0 scimitar of flaming
              (1 damage)
             ... on level 8 of the Dungeon.
             The game lasted 00:15:08 (7574 turns).

Dirtsage the Grappler (Octopode Shapeshifter)       Turns: 7574, Time: 00:15:09

Health: 0/94       AC: 25    Str: 18    XL:     10   Next: 37%
Magic:  10/10      EV:  2    Int: 13    God:    Wu Jian [......]
Gold:   457        SH:  0    Dex: 17    Spells: 9/9 levels left

rFire   x .          .
                       - Unarmed
rCold   + . .        (no shield)
rNeg    . . .        d - melded +2 hat
rPois   +            (no amulet)
rElec   .            P - ring of poison resistance
rCorr   .            a - +6 ring of dexterity
SInv    .            p - ring of ice
Will    .....        (no ring)
Stlth   +            (no ring)
HPRegen 0.35/turn    (no ring)
MPRegen 0.12/turn    (no ring)
                     (no ring)

%: no passive effects
@: confused, lethally poisoned (0 -> -3), tree-form
A: stationary, stasis, torment immunity, boosted hp, almost no armour,
(amphibious), 8 rings, (camouflage 1), (gelatinous body 1), (nimble swimmer 1),
(tentacles)
a: Renounce Religion


You were on level 8 of the Dungeon.
You worshipped Wu Jian.
Wu Jian was noncommittal.
You were a tree.
You visited 2 branches of the dungeon, and saw 9 of its levels.
You also visited: Bailey.

You collected 457 gold pieces.

Inventory:

Armour
 d - a +2 hat (melded)
Jewellery
 a - a +6 ring of dexterity (right branch)
 p - a ring of ice (on tentacle)
 P - a ring of poison resistance (left branch)
Talismans
 b - a beast talisman
 c - a flux talisman
 r - a blade talisman
Wands
 m - a wand of paralysis (3)
 x - a wand of polymorph (19)
 y - a wand of light (14)
Scrolls
 e - a scroll of amnesia {unknown}
 f - 4 scrolls of enchant armour
 h - a scroll of brand weapon {unknown}
 j - a scroll of fear {unknown}
 k - a scroll of revelation {unknown}
 n - a scroll of fog
 o - 2 scrolls of vulnerability {unknown}
 t - a scroll of teleportation
 v - a scroll of silence
Potions
 g - 2 potions of magic
 i - 2 potions of brilliance {unknown}
 q - 2 potions of berserk rage {unknown}
 s - a potion of degeneration
 u - 3 potions of enlightenment
 w - a potion of attraction {unknown}
 z - 2 potions of experience {unknown}
 A - 2 potions of haste {unknown}
 B - a potion of cancellation {unknown}
 C - 3 potions of mutation {unknown}
 D - 2 potions of invisibility {unknown}
 E - a potion of might {unknown}
 F - 2 potions of resistance


   Skills:
 + Level 3.9 Fighting
 - Level 2.0 Dodging
 * Level 10.1 Unarmed Combat
 - Level 5.3 Evocations
 * Level 9.1 Shapeshifting


You had 9 spell levels left.
You didn't know any spells.
Your spell library contained the following spells:

 Spells                   Type           Power      Damage    Failure   Level
 Blink                    Tloc           0%         N/A       43%         2
 Manifold Assault         Tloc           0%         N/A       97%         4


Dungeon Overview and Level Annotations

Branches:
Dungeon (8/15)             Temple (1/1) D:7          Bailey (visited)
   Lair: D:8-11

Altars:
Ashenzari
Cheibriados
Dithmenos
Elyvilon
Fedhas
Gozag
Hepliaklqana
Kikubaaqudgha
Makhleb
Nemelex Xobeh
Okawaru
Qazlal
Ru
Sif Muna
Trog
Uskayaw
Vehumet
Wu Jian
Xom
Zin
The Shining One

Shops:
D:6 (

Annotations:
D:4 1 runed translucent door, Crazy Yiuf
D:6 2 transporters
D:7 2 transporters
D:8 Erica


Innate Abilities, Weirdness & Mutations

You are a tree.
Your roots penetrate the ground, keeping you stationary.
You cannot be teleported.
You are immune to unholy pain and torment.
Your maximum health is greatly increased.
You cannot wear most types of armour.
((You are amphibious.))
You can wear up to eight rings at the same time.
((Your skin changes colour to match your surroundings (Stealth+).))
((Your rubbery body absorbs attacks. (AC +1, EV +1)))
((You are camouflaged when in or above water. (Stealth+)))
((You have tentacles for arms and can constrict up to eight enemies at once.))


Message History

You feel much better.
You feel very sick. Something hits you.
* * * LOW HITPOINT WARNING * * *
Something burns you.
* * * LOW HITPOINT WARNING * * *
The orc hits you but does no damage.
The sky beast flickers out of sight!
Something hits you but does no damage.
You regained 10 hp, and now have 18/94 hp.
You smack something!
You feel sick.
You hear some strange, mumbled words.
You are confused.
The orc hits you but does no damage. Something hits you but does no damage.
You take 1 damage, and have 17/94 hp.
You barely miss something. Your punch misses something.
You feel sick. The orc hits you but does no damage.
Something hits you but does no damage.
You take 2 damage, and have 15/94 hp.
You are too confused!
Unknown command.
Okay, then.
You are too confused!
Unknown command.
You cannot move. (Use ctrl+direction or * direction to attack while stationary and confused.)
You cannot move. (Use ctrl+direction or * direction to attack while stationary and confused.)
You cannot move. (Use ctrl+direction or * direction to attack while stationary and confused.)
You cannot move. (Use ctrl+direction or * direction to attack while stationary and confused.)
You closely miss the orc.
You feel sick. The orc hits you but does no damage. x2
Something hits you but does no damage. The orc hits you but does no damage.
You take 1 damage, and have 14/94 hp.
You nearly hit yourself!
You feel sick. Something hits you!
* * * LOW HITPOINT WARNING * * *
Something burns you.
* * * LOW HITPOINT WARNING * * *
The orc hits you but does no damage. x3; Something hits you but does no damage.
The orc hits you but does no damage.
You take 12 damage, and have 2/94 hp.
You nearly hit yourself!
* * * LOW HITPOINT WARNING * * *
You feel sick. Something hits you.
You die...

#.# #..# ...
##...# ..... #.
......# .>#.. ..
.......#####....
.<.
...............#
#..#
............#
#..#
.......o.o)#
##..#
.>...).o♣{.#
##...#
.......o#{.##
##...#
.......###..#
#.>.## ......#
#..## ##..##
.....#
##..###..##
....# ##.##..[#
..## ##.....##
###.....##
##......##


You could see 4 orcs.

Vanquished Creatures
  Pikel (D:6)
  An orc knight (Bailey)
  Maggie (D:6)
  Grinder (D:3)
  A wraith (D:8)
  A wyvern (D:6)
  Eustachio (D:6)
  Menkaure (D:6)
  Duvessa (D:5)
  5 ice beasts
  A black bear (D:5)
  A sky beast (D:6)
  2 ogres
  3 wolves (D:8)
  3 lemures (D:6)
  Blork the orc (D:6)
  2 bullfrogs
  10 wights
  Dowan (D:4)
  2 howler monkeys (D:6)
  A crimson imp (D:3)
  A jelly (D:5)
  Jessica (D:3)
  4 iguanas
  2 orc wizards
  7 gnolls (Bailey)
  11 adders
  A white imp (D:7)
  An ufetubus (D:5)
  2 worms (D:2)
  3 dart slugs
  34 orcs
  5 ball pythons
  5 endoplasms
  2 goblins (D:4)
  9 hobgoblins
  7 jackals (D:3)
  2 quokkas
  3 bats
  4 frilled lizards
  A goblin skeleton (D:3)
  2 hobgoblin zombies (D:3)
  9 kobolds
  3 kobold skeletons (D:3)
  4 kobold zombies (D:3)
  An orc zombie (D:3)
  5 rats
170 creatures vanquished.

Vanquished Creatures (others)
  An orc (D:8)
1 creature vanquished.

Grand Total: 171 creatures vanquished

Notes
Turn   | Place    | Note
-------+----------+-------------------------------------------
     0 | D:1      | Dirtsage the Octopode Shapeshifter began the quest for the
                  | Orb.
     0 | D:1      | Reached XP level 1. HP: 13/13 MP: 1/1
   367 | D:1      | Reached XP level 2. HP: 16/18 MP: 2/2
   874 | D:2      | Reached XP level 3. HP: 14/23 MP: 3/3
   987 | D:2      | Reached skill level 4 in Unarmed Combat
  1199 | D:2      | Reached XP level 4. HP: 27/28 MP: 4/4
  1454 | D:3      | Noticed Jessica
  1479 | D:3      | Killed Jessica
  1614 | D:3      | Reached XP level 5. HP: 33/33 MP: 5/5
  1621 | D:3      | Found a glowing golden altar of the Shining One.
  1624 | D:3      | Reached skill level 1 in Evocations
  1625 | D:3      | Noticed Grinder
  1653 | D:3      | Paralysed by Grinder for 2 turns
  1663 | D:3      | Paralysed by Grinder for 2 turns
  1673 | D:3      | Paralysed by Grinder for 5 turns
  1680 | D:3      | Killed Grinder
  1681 | D:3      | Reached skill level 5 in Unarmed Combat
  1681 | D:3      | Reached XP level 6. HP: 29/38 MP: 6/6
  2120 | D:3      | Found a stormy altar of Qazlal.
  2596 | D:4      | Found a runed translucent door.
  2597 | D:4      | Noticed Crazy Yiuf
  2749 | D:4      | Reached XP level 7. HP: 43/43 MP: 7/7
  3058 | D:4      | Reached skill level 5 in Shapeshifting
  3286 | D:5      | Entered Level 5 of the Dungeon
  3632 | D:5      | Reached skill level 6 in Unarmed Combat
  3781 | D:5      | Noticed Duvessa
  3782 | D:5      | Noticed Dowan
  3801 | D:5      | Killed Duvessa
  3809 | D:4      | Killed Dowan
  4194 | D:5      | Reached XP level 8. HP: 34/48 MP: 8/8
  4410 | D:6      | Reached skill level 7 in Unarmed Combat
  4573 | D:6      | Found Jent's Weapon Shoppe.
  4573 | D:6      | Noticed Blork the orc
  4581 | D:6      | Killed Blork the orc
  4671 | D:6      | Found a hazy altar of Hepliaklqana.
  4671 | D:6      | Found a burning altar of Makhleb.
  4671 | D:6      | Noticed a komodo dragon
  4675 | D:6      | Found a broken altar of Ashenzari.
  4679 | D:6      | Found a transporter.
  4698 | D:6      | Found a transporter.
  4698 | D:6      | Noticed a two-headed ogre
  4715 | D:6      | Noticed Eustachio
  4735 | D:6      | Killed Eustachio
  4747 | D:6      | Noticed Menkaure
  4759 | D:6      | Killed Menkaure
  4799 | D:6      | Noticed Pikel
  5018 | D:6      | Reached XP level 9. HP: 53/53 MP: 9/9
  5087 | D:6      | Killed Pikel
  5088 | D:6      | Reached skill level 8 in Unarmed Combat
  5088 | D:6      | Reached skill level 5 in Evocations
  5169 | D:6      | Found an iron altar of Okawaru.
  5195 | D:6      | Noticed Maggie
  5205 | D:6      | Killed Maggie
  5808 | D:6      | Reached skill level 9 in Unarmed Combat
  5908 | D:7      | Found a flagged portal.
  5919 | Bailey   | Entered a bailey
  6398 | Bailey   | Noticed an orc knight
  6412 | Bailey   | Killed an orc knight
  6413 | Bailey   | Reached XP level 10. HP: 38/63 MP: 10/10
  6794 | D:7      | Found a staircase to the Ecumenical Temple.
  6800 | Temple   | Entered the Ecumenical Temple
  6815 | Temple   | Became a worshipper of the Wu Jian Council
  7011 | D:7      | Found a bloodstained altar of Trog.
  7050 | D:7      | Found a transporter.
  7161 | D:7      | Found a transporter.
  7368 | D:8      | Reached skill level 10 in Unarmed Combat
  7556 | D:8      | Noticed Erica
  7573 | D:8      | HP: 2/94 [something (3)]
  7574 | D:8      | Slain by Erica

Illustrated notes

Levels and vault maps discovered:
D:1:      matt_arrival_los_fun, layout_basic
D:2:      layout_rooms, fountainhead, minmay_tripent
D:3:      layout_rooms, nicolae_tso_besieged_by_evil, general_overflow_altar,
          lexackson_kobold_supper, uniq_jessica, uniq_grinder
D:4:      cheibrodos_quashed, layout_basic, corexii_corridor_pit,
          uniq_crazy_yiuf_cottage
D:5:      layout_cave_pools, uniq_duvessa
D:6:      layout_loops_ring, lemuel_doored_altar,
          gammafunk_temple_overflow_arena, serial_shops, shop, uniq_maggie,
          uniq_pikel, uniq_eustachio, uniq_blork_the_orc, uniq_menkaure
D:7:      gammafunk_cloud_chamber, layout_rooms, trog_three_pillars_becter,
          temple_green, enter_bailey_2
D:8:      layout_cave_pods, lemuel_coloured_pillars_altar,
          hellmonk_lair_entry_icy, enter_ossuary_4, uniq_erica
Temple:   eino_narrow_crystal_temple

Skill      XL: |  1  2  3  4  5  6  7  8  9 10 |
---------------+-------------------------------+-----
Unarmed Combat | 4 5 6 7 9 10 | 10.1
Evocations     | 2 3 4 5 |  5.3
Shapeshifting  | 4 5 7 8 9 |  9.1
Fighting       | 3 |  3.9
Dodging        | |  2.0

Action                     |  1- 3 |  4- 6 |  7- 9 | 10-12 || total
---------------------------+-------+-------+-------+-------++-------
  Melee: Unarmed           |    54 |   105 |   187 |    81 ||   427
         Constrict         |    15 |    23 |    50 |    15 ||   103
         Tentacles         |     7 |    15 |    49 |    23 ||    94
         Punch             |     1 |     3 |     9 |       ||    13
Ability: Lunge             |       |       |       |    10 ||    10
  Evoke: Wand              |       |       |     5 |       ||     5
    Use: Potion            |       |     2 |     3 |     2 ||     7
         Scroll            |       |       |     8 |     1 ||     9
   Stab: Sleeping          |     3 |     8 |     5 |     1 ||    17
         Distracted        |     1 |       |       |       ||     1
         Paralysed         |       |       |    12 |       ||    12
 Armour: Skin              |    19 |    54 |    94 |    56 ||   223
  Dodge: Dodged            |    37 |    31 |   103 |    32 ||   203
   Form: Flux              |       |       |     1 |       ||     1
         Blade             |       |       |       |     1 ||     1

Table legend: (Time is in decaauts)
 A = Elapsed time spent in this place.
 B = Non-inter-level travel time spent in this place.
 C = Inter-level travel time spent in this place.
 D = Time resting spent in this place.
 E = Time spent auto-exploring this place.
 F = Levels seen in this place.
 G = Mean time per level.
                   A        B        C        D        E       F      G
               +--------+--------+--------+--------+--------+-----+--------+
         Total |   7522 |   7078 |    444 |   1141 |   4771 |  10 |  752.2 |
       Dungeon |   6733 |   6317 |    416 |    791 |   4465 |   8 |  841.6 |
        Temple |     30 |      2 |     28 |      0 |      0 |   1 |   30.0 |
        Bailey |    757 |    757 |      0 |    350 |    306 |   1 |  757.0 |
               +--------+--------+--------+--------+--------+-----+--------+

Top non-repeatable levels by time:
     D:6: 1403 daAuts
     D:4: 1354 daAuts
     D:3: 859 daAuts
     D:1: 816 daAuts
     D:5: 770 daAuts
  Bailey: 757 daAuts
     D:2: 629 daAuts
     D:7: 548 daAuts
     D:8: 350 daAuts
  Temple: 30 daAuts
